 Dungeon Crawl Stone Soup version 0.30.1-3-gfc49f6343a (webtiles) character file.

Game seed: 8163922018675389825

70 Fodor the Covered (level 4, -1/40 HPs)
             Began as a Minotaur Fighter on July 28, 2023.
             Slain by a gnoll
             ... wielding a +0 halberd
              (12 damage)
             ... on level 3 of the Dungeon.
             The game lasted 00:07:15 (1209 turns).

Fodor the Covered (Minotaur Fighter)                Turns: 1209, Time: 00:07:17

Health: -1/40      AC:  7    Str: 22    XL:     4   Next: 4%
Magic:  3/3        EV:  8    Int:  5    God:
Gold:   66         SH:  8    Dex: 10    Spells: 3/3 levels left

rFire   . . .        h - +1 hand axe (heavy)
rCold   . . .        n - +0 kite shield
rNeg    . . .        b - +0 scale mail
rPois   .            (helmet restricted)
rElec   .            (no cloak)
rCorr   .            (no gloves)
SInv    .            (no boots)
Will    .....        (no amulet) Stlth
                     l - ring of wizardry
HPRegen 0.26/turn    (no ring)
MPRegen 0.08/turn

%: wizardry (x1)
@: no status effects
A: horns 2, retaliatory headbutt
a: no special abilities


You were on level 3 of the Dungeon.
You visited 1 branch of the dungeon, and saw 3 of its levels.

You collected 66 gold pieces.

Inventory:

Hand Weapons
 h - a +1 heavy hand axe (weapon)
Missiles
 e - 2 throwing nets (quivered)
Armour
 b - a +0 scale mail (worn)
 n - a +0 kite shield (worn)
Jewellery
 l - a ring of wizardry (left hand)
Scrolls
 a - 3 scrolls of identify {unknown}
 j - 3 scrolls of teleportation {unknown}
 k - a scroll of fear {unknown}
Potions
 c - a potion of degeneration {unknown}
 d - 2 potions of might
 f - a potion of haste {unknown}
 g - 3 potions of heal wounds {unknown}
 i - a potion of berserk rage {unknown}
 m - a potion of brilliance {unknown}


   Skills:
 + Level 4.1 Fighting
 + Level 3.6 Long Blades
 + Level 1.0 Axes
 + Level 4.1 Armour
 + Level 0.4 Dodging
 + Level 4.1 Shields


You had 3 spell levels left.
You didn't know any spells.
Your spell library was empty.

Dungeon Overview and Level Annotations

Branches:
Dungeon (3/15)

Altars:

Shops:
D:2 *


Innate Abilities, Weirdness & Mutations

You have a pair of horns on your head.
You reflexively headbutt those who attack you in melee.


Message History

Found an escape hatch in the ceiling.
Found a stone staircase leading down.
The gnoll shouts! x3; You hear a shout!
You barely miss the gnoll.
You headbutt the gnoll, but do no damage.
You block the bat's attack. You block the gnoll's attack.
The bat hits you but does no damage. The gnoll closely misses you. x2
You barely miss the gnoll. You headbutt the gnoll!
The gnoll is almost dead.
You miss the bat. The bat hits you but does no damage.
The bat barely misses you. You block the gnoll's attack.
The gnoll barely misses you.
The gnoll hits you from afar with a +0 halberd!
The gnoll hits you but does no damage. The gnoll barely misses you.
You barely miss the gnoll.
The gnoll is almost dead.
The bat hits you. The gnoll barely misses you.
The gnoll hits you from afar with a +0 spear.
The bat hits you but does no damage. You block the gnoll's attack.
The gnoll hits you from afar with a +0 halberd!
You block the gnoll's attack.
You hit the gnoll.
You kill the gnoll!
You miss the bat. You block the bat's attack.
The bat hits you but does no damage. The gnoll barely misses you.
You block the gnoll's attack. The bat hits you but does no damage.
A kobold comes into view.
It is wielding a +0 club and quivering poisoned darts.
You block the gnoll's attack.
The gnoll hits you from afar with a +0 spear.
* * * LOW HITPOINT WARNING * * *
You block the gnoll's attack.
Your Axes skill increases to level 1!
You have reached level 4!
You feel agile.
You barely miss the bat.
The kobold shouts!
You headbutt the bat.
You kill the bat!
You hit the gnoll. You block the gnoll's attack.
The gnoll hits you from afar with a +0 halberd!
You die...

#..###.#
##............##
#............##...
> ..##.?...........
.. #........#...
... ##..........#
.... .
...........#.....
....#..##g.........
.....<†@.g.........
##..#[.g#:..#......
#.......#### .$...
.......... ..##
........... ...
#..........K ..
#.........#.. .
#.........#.##


You could see 3 gnolls and a kobold.

Vanquished Creatures
  A gnoll (D:3)
  An adder (D:2)
  A worm (D:2)
  2 dart slugs (D:2)
  5 bats
  3 endoplasms (D:1)
  2 giant cockroaches
  5 goblins
  4 hobgoblins
  2 kobolds
  6 quokkas
  2 ball pythons (D:2)
  3 frilled lizards
  6 rats
43 creatures vanquished.

Notes
Turn   | Place    | Note
-------+----------+-------------------------------------------
     0 | D:1      | Fodor the Minotaur Fighter began the quest for the Orb.
     0 | D:1      | Reached XP level 1. HP: 19/19 MP: 0/0
   124 | D:1      | Reached XP level 2. HP: 27/27 MP: 1/1
   499 | D:2      | Reached XP level 3. HP: 33/33 MP: 2/2
   593 | D:2      | Found Enost's General Store.
  1209 | D:3      | Reached skill level 1 in Axes
  1209 | D:3      | Reached XP level 4. HP: 10/40 MP: 3/3
  1209 | D:3      | Slain by a gnoll

Illustrated notes

Levels and vault maps discovered:
D:1:      scummos_arrival_simple_crosswalls, layout_rooms, minmay_tall_x
D:2:      minmay_diamond_boxcup, layout_rooms, serial_shops,
          nicolae_shop_waterfront
D:3:      layout_rooms, serial_shops, shop_fountains, uniq_jessica

Skill      XL: |  1  2  3 |
---------------+----------+-----
Long Blades    | 3 |  3.6
Armour         | 4 |  4.1
Fighting       | 4 |  4.1
Shields        | 4 |  4.1
Axes           | 1 |  1.0
Dodging        | |  0.4

Action                     |  1- 3 |  4- 6 || total
---------------------------+-------+-------++-------
  Melee: Long sword        |    39 |       ||    39
         Headbutt          |     6 |     1 ||     7
         Hand axe          |    48 |     1 ||    49
 Armour: Scale mail        |    73 |       ||    73
  Dodge: Dodged            |    55 |       ||    55
  Block: Buckler           |    17 |       ||    17
         Kite shield       |    23 |     1 ||    24
